 Dungeon Crawl Stone Soup version 0.30.1-11-g7821555f0a (webtiles) character file.

Game seed: 5896975994331262469

25 Zeor the Magician (level 3, 0/28 HPs)
             Began as a Djinni Warper on Nov 2, 2023.
             Slain by a cerulean imp
             ... wielding a +0 spear
             ... summoned by Natasha
              (3 damage)
             ... on level 2 of the Dungeon.
             The game lasted 00:05:19 (990 turns).

Zeor the Magician (Djinni Warper)                    Turns: 990, Time: 00:05:20

Health: 0/28       AC:  8    Str: 10    XL:     3   Next: 17%
Gold:   23         EV: 12    Int: 16    God:
                   SH:  0    Dex: 12

rFire   + + .        a - +0 falchion
rCold   x . .        (no shield)
rNeg    . . .        b - +0 leather armour
rPois   ∞            (no helmet)
rElec   .            (no cloak)
rCorr   .            g - +0 pair of gloves
SInv    .            (boots unavailable)
Will    .....        (no amulet)
Stlth   +            m - +4 ring of protection
HPRegen 0.24/turn    (no ring)
MPRegen 0.00/turn

%: infuse magic (-1 HP)
@: about to teleport, attractive, flying
A: sickness immunity, fire resistance 2, cold vulnerability 1, float, innate
caster, HP casting, extra vitality 1
a: no special abilities


You were on level 2 of the Dungeon.
You visited 1 branch of the dungeon, and saw 2 of its levels.

You collected 93 gold pieces.
You spent 70 gold pieces at shops.

Inventory:

Hand Weapons
 a - a +0 falchion (weapon)
Missiles
 d - 7 boomerangs of dispersal (quivered)
 f - 4 poisoned darts
Armour
 b - a +0 leather armour (worn)
 g - a +0 pair of gloves (worn)
Magical Staves
 j - a staff of earth
Jewellery
 m - a +4 ring of protection (left hand)
Potions
 e - a potion of curing


   Skills:
 + Level 2.0 Fighting
 * Level 2.1 Long Blades
 + Level 0.7 Throwing
 + Level 1.0 Armour
 + Level 2.5 Dodging
 * Level 2.9 Spellcasting


You knew the following spells:

 Your Spells              Type           Power      Damage    Failure   Level
a - Manifold Assault      Tloc           11%        N/A       61%         4
b - Blink                 Tloc           22%        N/A       12%         2
c - Vhi's Electric Charg  Tloc/Air       22%        N/A       24%         3
l - Lesser Beckoning      Tloc           22%        N/A       12%         2
o - Teleport Other        Tloc           11%        N/A       24%         3
s - Sandblast             Erth           22%        2d7       8%          1
Your spell library was empty.

Dungeon Overview and Level Annotations

Branches:
Dungeon (2/15)

Altars:

Shops:
D:1 ?

Annotations:
D:2 Natasha


Innate Abilities, Weirdness & Mutations

You are immune to sickness and miasma.
You are immune to poison.
Your flesh is very heat resistant. (rF++)
You are vulnerable to cold. (rC-)
You float through the air rather than walking.
You learn spells naturally, not from books.
Your magical power is your life essence.
You have superior vitality. (+4 MHP)


Message History

The cerulean imp hits you but does no damage.
The orc barely misses you.
You hit the orc.
The orc is heavily wounded.
The cerulean imp hits you but does no damage.
The orc closely misses you. The orc hits you with a +0 club.
The cerulean imp hits you but does no damage.
The cerulean imp is attracted toward you.
The cerulean imp shouts!
You hit the orc.
You kill the orc!
The cerulean imp hits you but does no damage.
The cerulean imp is attracted toward you.
Natasha is attracted toward you. The orc is attracted toward you.
Okay, then.
You hit the cerulean imp.
The cerulean imp is moderately wounded.
The cerulean imp hits you with a +0 spear.
You completely miss the cerulean imp.
The cerulean imp is moderately wounded.
The cerulean imp disappears in a puff of smoke!
The cerulean imp hits you with a +0 spear.
Natasha casts a spell.
As you read the scroll of teleportation, it crumbles to dust.
You feel strangely unstable.
The cerulean imp hits you but does no damage.
The cerulean imp attacks as you move away!
The cerulean imp hits you with a +0 spear.
* * * LOW HITPOINT WARNING * * *
The cerulean imp hits you from afar with a +0 spear.
* * * LOW HITPOINT WARNING * * *
The cerulean imp is attracted toward you.
Natasha is attracted toward you. The orc is attracted toward you.
You slash the cerulean imp!
The cerulean imp is severely wounded.
The cerulean imp misses you.
You closely miss the cerulean imp.
The cerulean imp is severely wounded.
The cerulean imp hits you with a +0 spear.
You die...

▒∙∙∙∙∙∙∙∙∙∙∙
▒∙∙∙∙∙∙∙∙∙∙∙
▒
▒∙∙∙∙∙∙∙!∙∙∙
▒∙
▒∙∙<∙∙∙∙∙∙∙
∙∙∙
▒▒55∙∙∙▒∙∙∙
∙[▒▒
▒o▒▒∙∙∙∙∙∙
∙[ ▒h▒
∙▒▒∙▒▒
▒5▒▒∙▒ ∙∙
▒∙R∙∙▒ ▒ ▒▒
▒▒▒▒▒▒ ∙∙ ∙∙
∙ ∙∙ ∙∙ ∙∙
∙∙ ∙∙


You could see Natasha, 2 cerulean imps and an orc.

Vanquished Creatures
  A worm (D:2)
  2 orcs (D:2)
  An endoplasm (D:2)
  A giant cockroach (D:2)
  2 hobgoblins (D:1)
  A kobold (D:1)
  A quokka (D:1)
  2 ball pythons (D:1)
  4 bats
  A frilled lizard (D:1)
  2 goblins (D:1)
  2 rats (D:1)
20 creatures vanquished.

Notes
Turn   | Place    | Note
-------+----------+-------------------------------------------
     0 | D:1      | Zeor the Djinni Warper began the quest for the Orb.
     0 | D:1      | Zeor set off with the following spells memorised: Blink,
                  | Lesser Beckoning, Vhi's Electric Charge, Teleport Other,
                  | Manifold Assault.
     0 | D:1      | Reached XP level 1. HP: 18/18 MP: 0/0
   147 | D:1      | Reached XP level 2. HP: 23/23 MP: 0/0
   293 | D:1      | Found Lujieck's Magic Scroll Shop.
   302 | D:1      | Bought a scroll of teleportation for 30 gold pieces
   502 | D:1      | Bought a scroll of identify for 20 gold pieces
   707 | D:1      | Bought a scroll of identify for 20 gold pieces
   730 | D:2      | Noticed Natasha
   970 | D:2      | Reached XP level 3. HP: 16/28 MP: 0/0
   970 | D:2      | Learned a level 1 spell: Sandblast
   990 | D:2      | Slain by a cerulean imp

Illustrated notes

Levels and vault maps discovered:
D:1:      spicycebolla_green_bress_n_ham_2, layout_rooms, serial_shops, shop
D:2:      layout_rooms, basic_altar, uniq_natasha

Skill      XL: |  1  2 |
---------------+-------+-----
Long Blades    | 2 |  2.1
Fighting       | |  2.0
Throwing       | |  0.7
Armour         | |  1.0
Dodging        | |  2.5
Spellcasting   | |  2.9

Action                     || total
---------------------------++-------
  Melee: Falchion          ||   113
   Cast: Blink             ||     2
    Use: Scroll            ||     5
         Potion            ||     1
 Armour: Leather armour    ||    54
  Dodge: Dodged            ||    76
